 Dungeon Crawl Stone Soup version 0.31-a0-846-gb3bcc0d938 (webtiles) character file.

Game seed: 14560775868418179230

79 subawu the Ruffian (level 4, -6/34 HPs)
             Began as a Gnoll Shapeshifter on Oct 3, 2023.
             Shot with an arrow by a centaur (15 damage)
             ... on level 6 of the Dungeon.
             The game lasted 00:03:13 (983 turns).

subawu the Ruffian (Gnoll Shapeshifter)              Turns: 983, Time: 00:03:13

Health: -6/34      AC:  2    Str: 16    XL:     4   Next: 38%
Magic:  5/5        EV: 13    Int:  9    God:
Gold:   30         SH:  0    Dex: 11    Spells: 5/5 levels left

rFire   . .          .
                       - Unarmed
rCold   . . .        (no shield)
rNeg    . . .        a - +0 animal skin
rPois   .            (helmet currently unavailable)
rElec   .            (cloak currently unavailable)
rCorr   .            (gloves currently unavailable)
SInv    .            (boots currently unavailable)
Will    .....        (no amulet)
Stlth   +            (no ring)
HPRegen 0.25/turn    (no ring)
MPRegen 0.09/turn

%: no passive effects
@: beast-form
A: beast (slay +3), fangs 1, strong nose, distributed training
a: Begin Untransformation


You were on level 6 of the Dungeon.
You were a hulking beast.
You visited 1 branch of the dungeon, and saw 4 of its levels.

You collected 30 gold pieces.

Inventory:

Hand Weapons
 g - a +3 short sword of protection
Armour
 a - a +0 animal skin (worn)
Talismans
 c - a beast talisman (active)
 d - a flux talisman
Scrolls
 e - a scroll of vulnerability {unknown}
 h - a scroll of teleportation {unknown}
 j - a scroll of identify {unknown}
Potions
 f - a potion of curing {unknown}
 i - a potion of heal wounds {unknown}


   Skills:
 + Level 2.7 Fighting
 + Level 1.1 Short Blades
 + Level 1.1 Long Blades
 + Level 1.1 Axes
 + Level 1.1 Maces & Flails
 + Level 1.1 Polearms
 + Level 1.1 Staves
 + Level 1.1 Ranged Weapons
 + Level 1.1 Throwing
 + Level 1.1 Armour
 + Level 4.6 Dodging
 + Level 1.1 Stealth
 + Level 1.1 Shields
 + Level 6.6 Unarmed Combat
 + Level 1.1 Spellcasting
 + Level 0.9 Conjurations
 + Level 0.9 Hexes
 + Level 0.9 Summonings
 + Level 0.9 Necromancy
 + Level 0.9 Translocations
 + Level 0.9 Transmutations
 + Level 0.9 Fire Magic
 + Level 0.9 Ice Magic
 + Level 0.9 Air Magic
 + Level 0.9 Earth Magic
 + Level 0.9 Poison Magic
 + Level 1.2 Invocations
 + Level 1.1 Evocations
 + Level 6.5 Shapeshifting


You had 5 spell levels left.
You didn't know any spells.
Your spell library contained the following spells:

 Spells                   Type           Power      Damage    Failure   Level
 Shock                    Conj/Air       8%         1d3       26%         1
 Scorch                   Fire           4%         2d5       36%         2
 Swiftness                Air            2%         N/A       58%         3
 Airstrike                Air            1%         2d(1-17)  94%         4
 Flame Wave               Conj/Fire      2%         2d4       94%         4
 Summon Cactus Giant      Summ           1%         N/A       100%        6


Dungeon Overview and Level Annotations

Branches:
Dungeon (3/15)

Altars:


Innate Abilities, Weirdness & Mutations

You are a hulking beast.
Your limbs bulge with bestial killing power. (Slay +3)
You have very sharp teeth.
Your uncanny sense of smell can sniff out nearby items.
Your experience applies equally to all skills.


Message History

You hit the gnoll.
You kill the gnoll!
Your transformation is almost over.
You cannot move.
You start resting.
You feel less wooden.
Your +0 animal skin unmelds from your body.
You turn into a hulking beast.
You start resting.
HP restored.
Found a stone staircase leading down.
You pick up a book of Air and begin reading...
You add the spells Shock, Swiftness and Airstrike to your library.
A steam dragon comes into view.
The steam dragon hisses angrily.
The steam dragon breathes steam at you. The ball of steam hits you!
You are engulfed in a cloud of scalding steam.
The steam dragon breathes steam at you. The ball of steam misses you.
You are engulfed in a cloud of scalding steam.
The steam dragon barely misses you. The steam dragon closely misses you.
You barely miss the steam dragon. The steam dragon bites you!
* * * LOW HITPOINT WARNING * * *
The steam dragon claws you but does no damage.
You punch the steam dragon!
You punch the steam dragon, but do no damage.
You bite the steam dragon, but do no damage.
The steam dragon is moderately wounded.
A centaur comes into view.
The centaur shouts!
You hit the steam dragon.
The steam dragon is moderately wounded.
The steam dragon barely misses you. x2
You hit the steam dragon but do no damage.
You punch the steam dragon. Your bite misses the steam dragon.
The steam dragon is heavily wounded.
The centaur wields a +0 shortbow.
The centaur shoots an arrow.
The arrow hits you!
You die...

....# . #...## ..
....# ... ...##
....###c..## ##.
....>.#.§§.##
#...
#........§###....
#.Dh§§..§#.....
###..§.§......#
##..........#
###.......#
#.......#
#.......# .
##.......# ..
##........## #..
###....).....#


You could see a steam dragon (catching breath) and a centaur.

Vanquished Creatures
  4 gnolls (D:6)
  2 adders
  A dart slug (D:2)
  A bat (D:1)
  An endoplasm (D:1)
  3 goblins (D:1)
  4 jackals (D:1)
  2 ball pythons
  3 kobolds
  2 rats
23 creatures vanquished.

Notes
Turn   | Place    | Note
-------+----------+-------------------------------------------
     0 | D:1      | subawu the Gnoll Shapeshifter began the quest for the Orb.
     0 | D:1      | Reached XP level 1. HP: 17/17 MP: 1/1
   135 | D:1      | Found a faded altar of an unknown god.
   364 | D:1      | Reached XP level 2. HP: 19/23 MP: 2/2
   749 | D:2      | Reached XP level 3. HP: 25/28 MP: 3/3
   757 | D:3      | Reached skill level 1 in Invocations
   804 | D:3      | You fall into a shaft and drop 3 floors!
   817 | D:6      | Reached skill level 1 in Short Blades
   817 | D:6      | Reached skill level 1 in Long Blades
   817 | D:6      | Reached skill level 1 in Axes
   817 | D:6      | Reached skill level 1 in Maces & Flails
   817 | D:6      | Reached skill level 1 in Polearms
   817 | D:6      | Reached skill level 1 in Staves
   817 | D:6      | Reached skill level 1 in Ranged Weapons
   817 | D:6      | Reached skill level 1 in Throwing
   817 | D:6      | Reached skill level 1 in Armour
   817 | D:6      | Reached skill level 1 in Stealth
   817 | D:6      | Reached skill level 1 in Shields
   817 | D:6      | Reached skill level 1 in Spellcasting
   817 | D:6      | Reached skill level 1 in Evocations
   832 | D:6      | Reached XP level 4. HP: 6/34 MP: 5/5
   973 | D:6      | Noticed a steam dragon
   981 | D:6      | Noticed a centaur
   983 | D:6      | Shot with an arrow by a centaur

Illustrated notes

Levels and vault maps discovered:
D:1:      minmay_arrival_plants_in_alcoves, layout_basic,
          chequers_ecumenical_altar_lobes
D:2:      layout_basic
D:3:      layout_loops_ring, regret_index_temple_of_mockery,
          mainiacjoe_overflow_two_lobes
D:6:      layout_layer_cave

Skill      XL: |  1  2  3 |
---------------+----------+-----
Invocations    | 1 |  1.2
Short Blades   | 1 |  1.1
Long Blades    | 1 |  1.1
Axes           | 1 |  1.1
Maces & Flails | 1 |  1.1
Polearms       | 1 |  1.1
Staves         | 1 |  1.1
Ranged Weapons | 1 |  1.1
Throwing       | 1 |  1.1
Armour         | 1 |  1.1
Stealth        | 1 |  1.1
Shields        | 1 |  1.1
Spellcasting   | 1 |  1.1
Evocations     | 1 |  1.1
Fighting       | |  2.7
Dodging        | |  4.6
Unarmed Combat | |  6.6
Conjurations   | |  0.9
Hexes          | |  0.9
Summonings     | |  0.9
Necromancy     | |  0.9
Translocations | |  0.9
Transmutations | |  0.9
Fire Magic     | |  0.9
Ice Magic      | |  0.9
Air Magic      | |  0.9
Earth Magic    | |  0.9
Poison Magic   | |  0.9
Shapeshifting  | |  6.5

Action                     |  1- 3 |  4- 6 || total
---------------------------+-------+-------++-------
  Melee: Unarmed           |    51 |    12 ||    63
         Bite              |     2 |     1 ||     3
         Punch             |     2 |     3 ||     5
    Use: Potion            |     1 |       ||     1
   Stab: Sleeping          |     1 |       ||     1
 Armour: Animal skin       |    33 |     6 ||    39
         Skin              |     9 |     9 ||    18
  Dodge: Dodged            |    50 |     5 ||    55

Table legend: (Time is in decaauts)
 A = Elapsed time spent in this place.
 B = Non-inter-level travel time spent in this place.
 C = Inter-level travel time spent in this place.
 D = Time resting spent in this place.
 E = Time spent auto-exploring this place.
 F = Levels seen in this place.
 G = Mean time per level.
                   A        B        C        D        E       F      G
               +--------+--------+--------+--------+--------+-----+--------+
         Total |    975 |    966 |      9 |    187 |    261 |   4 |  243.8 |
       Dungeon |    975 |    966 |      9 |    187 |    261 |   4 |  243.8 |
               +--------+--------+--------+--------+--------+-----+--------+

Top non-repeatable levels by time:
     D:1: 659 daAuts
     D:6: 176 daAuts
     D:2: 87 daAuts
     D:3: 52 daAuts
